 Dungeon Crawl Stone Soup version 0.20.0-15-g7f486f2 (webtiles) character file.

29 Chiseanne the Magician (level 3, 24/24 HPs)
             Began as a Demonspawn Wizard on June 15, 2017.
             Quit the game on level 1 of the Dungeon.
             The game lasted 00:01:27 (1124 turns).

Chiseanne the Magician (Demonspawn Wizard)          Turns: 1124, Time: 00:01:27

Health: 24/24      AC:  3    Str:  7    XL:     3   Next: 1%
Magic:  8/8        EV: 12    Int: 20    God:
Gold:   23         SH:  4    Dex: 11    Spells: 8/9 levels left

rFire    . . .     SeeInvis .   i - +0 dagger
rCold    . . .     Gourm    .   (no shield)
rNeg     . . .     Faith    .   a - +0 robe
rPois    .         Spirit   .   b - +0 hat
rElec    .         Reflect  .   n - +0 cloak
rCorr    .         Harm     .   (no gloves)
MR       .....                  (no boots)
Stlth    +.........             (no amulet)
Regen    0.1/turn               (no ring)
MPRegen  0.2/turn               (no ring)

@: no status effects
A: hooves 1, large bone plates 1
a: no special abilities


You were on level 1 of the Dungeon.
You were not hungry.

You visited 1 branch of the dungeon, and saw 1 of its levels.

You collected 23 gold pieces.

Inventory:

Hand Weapons
 i - a +0 dagger (weapon)
Missiles
 e - 18 poisoned needles
 f - 42 stones (quivered)
 g - 25 sling bullets
 k - 14 arrows
 m - 15 bolts
Armour
 a - a +0 robe (worn)
 b - a +0 hat (worn)
 n - a +0 cloak (worn)
Potions
 j - a potion of curing {unknown}
 l - a potion of haste {unknown}
Books
 c - a book of Minor Magic

   Spells                             Type                      Level
   a - Magic Dart                     Conjuration                  1
   b - Blink                          Translocation                2
   c - Call Imp                       Summoning                    2
   d - Slow                           Hexes                        2
   e - Conjure Flame                  Conjuration/Fire             3
   f - Mephitic Cloud                 Conjuration/Poison/Air       3
Comestibles
 d - a bread ration
 h - a chunk of flesh
 o - 2 fruits


   Skills:
 - Level 1.7 Dodging
 - Level 1.7 Stealth
 * Level 3.5 Spellcasting
 * Level 2.1 Conjurations
   Level 1.0 Summonings
   Level 0.8 Translocations


You had 8 spell levels left.
You knew the following spells:

 Your Spells              Type           Power        Failure   Level  Hunger
a - Magic Dart            Conj           ##..         5%          1    None


Dungeon Overview and Level Annotations

Branches:
Dungeon (1/15)

Altars:


Innate Abilities, Weirdness & Mutations

You have large cloven feet.
You are partially covered in large bone plates. (SH +4)


Message History

Aiming: Magic Dart
Press: ? - help, Shift-Dir - straight line, f - goblin
Aim: a goblin The magic dart hits the goblin.
The goblin is moderately wounded.
Casting: Magic Dart
Confirm with . or Enter, or press ? or * to list all spells.
Aiming: Magic Dart
Press: ? - help, Shift-Dir - straight line, f/p - goblin
Aim: a goblin (moderately wounded)
The magic dart hits the goblin.
You kill the goblin!
You have reached level 3!
Your experience leads to an increase in your attributes!
Increase (S)trength, (I)ntelligence, or (D)exterity?
You feel clever.
Your demonic ancestry asserts itself...
Your feet thicken and deform.
Eating one of 2 chunks of flesh.
You eat one of the 2 chunks of flesh.
This raw flesh tastes terrible.
Are you sure you want to abandon this character and quit the game? (Confirm with "yes".)

.≈≈≈.....≈≈≈..##. #...###...###
≈≈≈≈...≈.≈≈≈≈≈.... ##...# #...#
≈≈...≈≈≈≈.≈≈≈.≈≈≈. #..#)###...###
....≈≈≈≈≈≈.≈≈≈≈≈..##.##.........#
#..≈≈≈≈≈.<..≈≈≈..##.###.#######.#
##≈≈≈≈≈≈≈.≈≈≈≈≈≈≈..####.# .#
#...≈≈≈≈≈.≈≈≈≈≈...#..##.# #
###.≈.≈≈≈≈.≈≈.≈....####.#
.#......≈≈≈.≈≈..@### #.#
............##≈.#...†.#.#
#.....########....##..#.# ..#####
###.## #.# ###


There were no monsters in sight!

Vanquished Creatures
  An ooze (D:1)
  A leopard gecko (D:1)
  2 giant cockroaches (D:1)
  4 goblins (D:1)
  5 hobgoblins (D:1)
  2 bats (D:1)
  A frilled lizard (D:1)
  7 rats (D:1)
23 creatures vanquished.

Notes
Turn   | Place    | Note
-------+----------+-------------------------------------------
     0 | D:1      | Chiseanne the Demonspawn Wizard began the quest for the Orb.
     0 | D:1      | Reached XP level 1. HP: 13/13 MP: 4/4
   431 | D:1      | Gained mutation: You are partially covered in large bone plates. (SH +4) [demonic ancestry]
   431 | D:1      | Reached XP level 2. HP: 17/19 MP: 1/6
  1072 | D:1      | Gained mutation: You have large cloven feet. [demonic ancestry]
  1072 | D:1      | Reached XP level 3. HP: 24/24 MP: 2/8
  1124 | D:1      | Quit the game

Skill      XL: |  1  2 |
---------------+-------+-----
Conjurations   | 2 |  2.1
Dodging        | |  1.7
Stealth        | |  1.7
Spellcasting   | |  3.5
Summonings     | |  1.0
Translocations | |  0.8

Action                   || total
-------------------------++-------
Melee: Dagger            ||    30
       Unarmed           ||     4
 Cast: Magic Dart        ||    58
  Eat: Chunk             ||     1
Armor: Robe              ||     9
Dodge: Dodged            ||    27
Block: Other             ||     3
